 Dungeon Crawl Stone Soup version 0.20-a0-386-g2d247ea (webtiles) character file.

410 CDDA the Changer (level 6, -4/38 HPs)
             Began as an Octopode Transmuter on Dec 30, 2016.
             Was an Initiate of Gozag.
             Slain by an orc priest
             ... wielding a +0 hand axe
              (6 damage)
             ... on level 4 of the Dungeon.
             The game lasted 00:07:20 (3972 turns).

CDDA the Changer (Octopode Transmuter)              Turns: 3972, Time: 00:07:20

Health: -4/38      AC:  1    Str:  9    XL:     6   Next: 89%
Magic:  5/9        EV: 13    Int: 17    God:    Gozag
Gold:   189        SH:  0    Dex: 13    Spells: 1/9 levels left

rFire  . . .     SeeInvis .       - Unarmed
rCold  . . .     Gourm    .     (shield currently unavailable)
rNeg   . . .     Faith    .     (helmet restricted)
rPois  .         Spirit   .     (no amulet)
rElec  .         Reflect  .     (no ring)
rCorr  .         Harm     .     (no ring)
MR     .....                    (no ring)
Stlth  ++........               (no ring)
                                (no ring)
                                (no ring)
                                (no ring)
                                (no ring)

@: blade tentacles
A: almost no armour, stealthy swim, amphibious, 8 rings, constrict 8, camouflage
1, gelatinous body 1
a: End Transformation, Potion Petition, Call Merchant, Bribe Branch, Renounce
Religion


You were on level 4 of the Dungeon.
You worshipped Gozag.
Gozag was aware of your devotion.
You were hungry.
You had blades for tentacles.
You visited 2 branches of the dungeon, and saw 5 of its levels.

You collected 232 gold pieces.
You paid 43 gold pieces to Gozag.

Inventory:

Hand Weapons
 r - a +2 vampiric dagger (melded)
Missiles
 a - 12 arrows
 m - 4 javelins (quivered)
Scrolls
 d - a scroll of blinking
 e - 3 scrolls of teleportation
 f - a scroll of enchant armour {unknown}
 g - 2 scrolls of remove curse
 i - 2 scrolls of identify
 k - 2 scrolls of enchant weapon
 q - a scroll of amnesia
Potions
 h - a potion of ambrosia
 l - a potion of invisibility
 o - 2 potions of resistance
 p - 2 potions of flight
Books
 b - a book of Changes

   Spells                             Type                      Level
   a - Beastly Appendage              Transmutation                1
   b - Sticks to Snakes               Transmutation                2
   c - Spider Form                    Transmutation/Poison         3
   d - Ice Form                       Ice/Transmutation            4
   e - Blade Hands                    Transmutation                5
Comestibles
 c - 4 bread rations
 n - a meat ration


   Skills:
 - Level 1.0 Fighting
 - Level 2.0 Dodging
 - Level 3.0 Unarmed Combat
 - Level 2.0 Spellcasting
 + Level 7.1 Transmutations


You had one spell level left.
You knew the following spells:

 Your Spells              Type           Power        Failure   Level  Hunger
a - Blade Hands           Tmut           ####......   73%         5    ######.
b - Spider Form           Tmut/Pois      ##........   54%         3    ###....


Dungeon Overview and Level Annotations

Branches:
Dungeon (4/15)             Temple (1/1) D:4

Altars:
Ashenzari
Cheibriados
Dithmenos
Elyvilon
Fedhas
Gozag
Hepliaklqana
Kikubaaqudgha
Makhleb
Nemelex Xobeh
Okawaru
Qazlal
Ru
Sif Muna
Trog
Uskayaw
Vehumet
Xom
Yredelemnul
Zin
The Shining One


Innate Abilities, Weirdness & Mutations

You cannot wear most types of armour.
You are very stealthy in the water. (Stealth+)
You are amphibious.
You can wear up to eight rings at the same time.
You can use your tentacles to constrict eight enemies at once.
Your skin changes colour to match your surroundings (Stealth+).
Your rubbery body absorbs attacks. (AC +1, EV +1)


Message History

You constrict the orc warrior, but do no damage.
The orc warrior completely misses you.
You hit the orc warrior.
The orc warrior is lightly wounded.
You constrict the orc warrior, but do no damage.
You completely miss the orc warrior.
The orc warrior is lightly wounded.
You constrict the orc warrior, but do no damage.
The orc warrior closely misses you.
The orc priest invokes the aid of Beogh against you.
Beogh smites you!
You hit the orc warrior.
The orc warrior is lightly wounded.
You constrict the orc warrior.
The orc warrior hits you with a scimitar!!
Ouch! That really hurt!
* * * LOW HITPOINT WARNING * * *
The orc priest hits you with a hand axe.
You die...
Your body crumbles into a pile of gold.

...####.##.#...# #.#...# .> ..#
#....#.#.## ###.....##.
#......#..# ..#...#..l
#...#####.# #.!.#.#..
###......###.## #.#s....
###..(..###......# o. ......####
#.<.##.# ##.......
...###.o....####.##...# #.......)
.........##.....@...### #........
#####......##..oo#.### #........
##>....#.#..##.....####........
##...#......##..###.............
.......#..#.....#########........
.......#........)..######........
..........########.....##........
.....>..#..# #####..#........
........##.# ##.#........


You could see an orc warrior and an orc priest.

Vanquished Creatures
  An ogre (D:4)
  A water moccasin skeleton (D:4)
  An iguana (D:3)
  A centaur skeleton (D:4)
  An orc wizard (D:3)
  Terence (D:3)
  A worker ant (D:4)
  6 adders
  6 worms
  10 orcs
  5 giant cockroaches
  7 goblins
  4 hobgoblins
  2 jackals (D:1)
  12 kobolds
  A quokka (D:4)
  3 bats
  3 frilled lizards
  A quokka skeleton (D:4)
  8 rats
75 creatures vanquished.

Notes
Turn   | Place    | Note
-------+----------+-------------------------------------------
     0 | D:1      | CDDA the Octopode Transmuter began the quest for the Orb.
     0 | D:1      | Reached XP level 1. HP: 13/13 MP: 3/3
   296 | D:1      | Reached XP level 2. HP: 10/18 MP: 5/5
   577 | D:1      | Reached skill level 3 in Transmutations
   963 | D:2      | Reached XP level 3. HP: 23/23 MP: 6/6
  1167 | D:2      | Reached skill level 4 in Transmutations
  1253 | D:2      | Reached XP level 4. HP: 24/28 MP: 7/7
  1892 | D:3      | Reached skill level 5 in Transmutations
  1892 | D:3      | Reached XP level 5. HP: 3/33 MP: 8/8
  2166 | D:3      | Learned a level 5 spell: Blade Hands
  2354 | D:3      | Noticed Terence
  2365 | D:3      | Killed Terence
  2958 | D:3      | Learned a level 3 spell: Spider Form
  3247 | D:4      | Found a staircase to the Ecumenical Temple.
  3261 | D:4      | Reached skill level 6 in Transmutations
  3261 | D:4      | Reached XP level 6. HP: 7/38 MP: 9/9
  3544 | Temple   | Entered the Ecumenical Temple
  3651 | Temple   | Became a worshipper of Gozag Ym Sagoz the Greedy
  3837 | D:4      | Reached skill level 7 in Transmutations
  3855 | D:4      | Noticed an orc warrior
  3972 | D:4      | Slain by an orc priest

Vault maps used:
D:1:      evilmike_arrival_run_for_it
D:3:      first_bread, uniq_terence
D:4:      kennysheep_generic_room_5
Temple:   kilobyte_greek_temple

Skill      XL: |  1  2  3  4  5  6 |
---------------+-------------------+-----
Transmutations | 3 4 5 6 7 |  7.1
Fighting       | |  1.0
Dodging        | |  2.0
Unarmed Combat | |  3.0
Spellcasting   | |  2.0

Action                   |  1- 3 |  4- 6 || total
-------------------------+-------+-------++-------
Melee: Unarmed           |    67 |   153 ||   220
       Tentacles         |    19 |    20 ||    39
       Constrict         |    20 |    25 ||    45
       Punch             |     2 |     2 ||     4
Throw: Javelin           |     6 |       ||     6
 Cast: Beastly Appendage |     1 |       ||     1
       Spider Form       |       |     3 ||     3
       Blade Hands       |       |     1 ||     1
  Use: Scroll            |     1 |     9 ||    10
 Stab: Sleeping          |     6 |     7 ||    13
       Distracted        |       |     1 ||     1
  Eat: Chunk             |     1 |     7 ||     8
       Meat ration       |       |     1 ||     1
       Pizza             |       |     1 ||     1
Armor: Skin              |     7 |     5 ||    12
Dodge: Dodged            |    25 |    81 ||   106
